AoeStats
← Iamak3186

Arabia

505332693Analyzed
1v1 RM · 24d ago on Sep 8, 2026· 61m 47s· 2 players
Game mode
Random Map
Map size
Tiny (2 player)
Population
200
Speed
Normal
Resources
Standard
Victory
Conquest
Starting age
Dark Age
Ending age
Imperial Age
RankedLock teamsTeams togetherTeam positionsShared explorationLock speedFull tech treeHidden civsTurbo modeCheats
Victory
Defeat
🇺🇸 Burmese · United States
1189
+17
🇮🇳 Mongols · India
1219
-17
CHRIS
5:53 Loom
6:50 Loom
9:03 Feudal Age
13:19 Scale Barding Armor
20:49 Castle Age
18:45 Horse Collar
20:13 Forging
20:44 Bloodlines
21:16 Gold Mining
21:32 Husbandry
21:36 Heavy Plow
22:38 Wheelbarrow
24:20 Chain Barding Armor
29:14 Hand Cart
29:44 Hand Cart
33:31 Town Watch
36:35 Imperial Age
35:05 Devotion
36:35 Elite Battle Elephant
38:00 Fletching
38:10 Padded Archer Armor
38:07 Elite Battle Elephant
38:27 Elite Skirmisher
42:12 Plate Barding Armor
42:12 Iron Casting
47:53 Light Cavalry
52:37 Cavalier
59:55 Hussar
Iamak3186
8:08 Feudal Age
7:22 Loom
8:49 Double-Bit Axe
12:18 Fletching
15:11 Horse Collar
16:58 Wheelbarrow
20:06 Castle Age
19:08 Gold Mining
20:11 Crossbowman
20:44 Town Watch
20:57 Bodkin Arrow
21:18 Bow Saw
23:47 Hand Cart
23:58 Bloodlines
23:55 Scale Barding Armor
31:33 Forging
32:52 Pikeman
33:34 Scale Mail Armor
34:28 Heavy Plow
37:49 Imperial Age
36:25 Chain Mail Armor
36:39 Stone Mining
37:55 Squires
37:40 Arson
39:16 Husbandry
38:36 Heavy Camel Rider
39:18 Bracer
39:39 Chain Barding Armor
39:51 Plate Mail Armor
38:50 Light Cavalry
41:50 Stone Shaft Mining
46:55 Chemistry
46:15 Hussar
47:29 Conscription
Connection lost

Rejoining the realm…

Still unreachable

The connection could not be restored.

Session expired

The server has moved on; the page needs a fresh start.